 Dungeon Crawl Stone Soup version 0.26-a0-1161-g0398aca569 (webtiles) character file.

Game seed: 8937798309416823486

1199 Majang the Chopper (level 8, -3/64 HPs)
             Began as a Formicid Fighter on Dec 23, 2020.
             Was a Believer of Cheibriados.
             Slain by an orc warrior
             ... wielding a +0 trident
              (11 damage)
             ... on level 7 of the Dungeon.
             The game lasted 00:27:01 (6430 turns).

Majang the Chopper (Formicid Fighter)               Turns: 6430, Time: 00:27:02

Health: -3/64      AC: 10    Str: 28    XL:     8   Next: 72%
Magic:  10/10      EV:  8    Int: 11    God:    Cheibriados [**....]
Gold:   356        SH: 16    Dex: 14    Spells: 7/7 levels left

rFire    . . .     SeeInvis +   a - +1 war axe
rCold    . . .     Faith    .   c - +0 kite shield
rNeg     . . .     Spirit   .   g - +0 chain mail
rPois    .         Reflect  +   (helmet unavailable)
rElec    .         Harm     .   y - +0 cloak
rCorr    .         Rampage  .   (no gloves)
Will     .....                  (no boots)
Stlth    ..........             i - amulet of reflection
HPRegen  0.20/turn              (no ring)
MPRegen  0.12/turn              (no ring)

@: mighty, very slow
A: permanent stasis, dig shafts and tunnels, four strong arms, antennae 3
a: Dig, Shaft Self, Renounce Religion, Bend Time


You were on level 7 of the Dungeon.
You worshipped Cheibriados.
Cheibriados was pleased with you.
You visited 2 branches of the dungeon, and saw 8 of its levels.

You collected 356 gold pieces.

Inventory:

Hand Weapons
 a - a +1 war axe (weapon)
 b - a +1 flail of holy wrath
Missiles
 d - 23 boomerangs (quivered)
 v - 21 bolts
Armour
 c - a +0 kite shield (worn)
 g - a +0 chain mail (worn)
 y - a +0 cloak (worn)
Jewellery
 i - an amulet of reflection (around neck)
 x - a cursed ring of wizardry
Wands
 o - a wand of iceblast (11)
Scrolls
 j - 7 scrolls of identify
 n - 3 scrolls of remove curse
 p - a scroll of fog
Potions
 e - a potion of curing {unknown}
 f - a potion of brilliance
 h - a potion of flight {unknown}
 k - 2 potions of attraction
 l - 2 potions of ambrosia {unknown}
 q - a potion of invisibility {unknown}
 r - a potion of cancellation {unknown}
 s - a potion of lignification {unknown}
 t - 2 potions of heal wounds {unknown}
 u - a potion of mutation {unknown}
 w - 3 potions of degeneration {unknown}


   Skills:
 + Level 5.7 Fighting
 * Level 6.4 Axes
 + Level 4.5 Armour
 + Level 2.3 Dodging
 + Level 5.0 Shields
 + Level 3.0 Invocations
 + Level 2.3 Evocations


You had 7 spell levels left.
You didn't know any spells.
Your spell library was empty.

Dungeon Overview and Level Annotations

Branches:
Dungeon (7/15)             Temple (1/1) D:4

Altars:
Ashenzari
Cheibriados
Dithmenos
Elyvilon
Fedhas
Gozag
Hepliaklqana
Kikubaaqudgha
Makhleb
Nemelex Xobeh
Okawaru
Qazlal
Ru
Sif Muna
Trog
Vehumet
Wu Jian
Xom
Yredelemnul
Zin
The Shining One


Innate Abilities, Weirdness & Mutations

You cannot be hasted, slowed, berserked, paralysed or teleported.
You can dig through walls and to a lower floor.
Your four strong arms can wield two-handed weapons with a shield.
You have a pair of large antennae on your head. (SInv)


Message History

You hit the orc warrior.
The orc warrior is lightly wounded.
The orc warrior hits you with a +0 trident!!
You hit the orc warrior.
The orc warrior is lightly wounded.
The orc warrior hits you with a +0 trident.
You closely miss the orc warrior.
The orc warrior is lightly wounded.
The orc warrior hits you with a +0 trident.
* * * LOW HITPOINT WARNING * * *
You feel very mighty all of a sudden.
The orc warrior hits you with a +0 trident!
* * * LOW HITPOINT WARNING * * *
You hit the orc warrior but do no damage.
The orc warrior is lightly wounded.
You block the orc warrior's attack.
Your chain mail prevents you from hitting the orc warrior.
The orc warrior is lightly wounded.
The orc warrior hits you with a +0 trident!
You die...

### ## ##@# ### # ..
#o## #.# # .o ##{###.#
### # #. ##{##.## #.#
# #.#.{#..# ##.# #
#.o.o..<#####..## ##
#...........#....####.
#....####.............
#....# ###...........


You could see an orc warrior.

Vanquished Creatures
  An ice beast (D:5)
  An orc warrior (D:6)
  An ogre (D:6)
  A bullfrog (D:6)
  Blork the orc (D:5)
  A gnoll shaman (D:7)
  A bullfrog zombie (D:6)
  2 hounds
  2 jellies
  4 orc priests
  3 orc wizards
  An iguana (D:4)
  3 worker ants
  3 gnolls (D:7)
  9 adders
  2 shadow imps (D:6)
  A white imp (D:6)
  An ufetubus (D:6)
  An adder zombie (D:6)
  An adder skeleton (D:4)
  A worm (D:2)
  5 dart slugs
  5 leopard geckos
  25 orcs
  A ball python (D:4)
  5 giant cockroaches
  7 goblins
  13 hobgoblins
  19 jackals
  11 bats
  5 frilled lizards
  7 kobolds
  A quokka skeleton (D:6)
  3 rats
148 creatures vanquished.

Notes
Turn   | Place    | Note
-------+----------+-------------------------------------------
     0 | D:1      | Majang the Formicid Fighter began the quest for the Orb.
     0 | D:1      | Reached XP level 1. HP: 18/18 MP: 1/1
   177 | D:1      | Reached XP level 2. HP: 22/24 MP: 2/2
   433 | D:1      | Reached XP level 3. HP: 30/30 MP: 3/3
   455 | D:1      | Reached skill level 3 in Axes
   803 | D:1      | Reached XP level 4. HP: 37/37 MP: 4/4
  1461 | D:2      | Reached skill level 4 in Axes
  1761 | D:2      | Reached XP level 5. HP: 42/42 MP: 5/5
  2571 | D:3      | Reached XP level 6. HP: 49/49 MP: 6/6
  2703 | D:3      | Reached skill level 5 in Axes
  3303 | D:4      | Found a staircase to the Ecumenical Temple.
  3312 | Temple   | Entered the Ecumenical Temple
  3319 | Temple   | Became a worshipper of Cheibriados the Contemplative
  4072 | D:4      | Reached skill level 5 in Fighting
  4072 | D:4      | Reached skill level 1 in Invocations
  4083 | D:4      | Reached XP level 7. HP: 38/56 MP: 7/7
  4403 | D:5      | Entered Level 5 of the Dungeon
  4455 | D:5      | Reached skill level 1 in Dodging
  4585 | D:5      | Noticed Blork the orc
  4591 | D:5      | Killed Blork the orc
  4592 | D:5      | Reached skill level 1 in Evocations
  4772 | D:5      | Reached * piety under Cheibriados
  4773 | D:5      | Reached XP level 8. HP: 51/62 MP: 9/9
  5199 | D:6      | Reached skill level 6 in Axes
  5232 | D:6      | Found a shadowy altar of Dithmenos.
  5950 | D:6      | Reached ** piety under Cheibriados
  6229 | D:7      | Reached skill level 5 in Shields
  6430 | D:7      | Slain by an orc warrior

Illustrated notes

Levels and vault maps discovered:
D:1:      lightli_arrival_windingriver, layout_basic
D:2:      layout_basic
D:3:      corexii_shack_village, layout_basic
D:4:      layout_layer_cave, minmay_temple_entry_trees,
          kennysheep_generic_room_4
D:5:      layout_loops_cross, uniq_blork_the_orc
D:6:      layout_layer_cave, nicolae_dithmenos_the_darkroom
D:7:      layout_layer_cave
Temple:   nicolae_temple_the_god_donut

Skill      XL: |  1  2  3  4  5  6  7  8 |
---------------+-------------------------+-----
Axes           | 3 4 5 6 |  6.4
Fighting       | 4 5 |  5.7
Invocations    | 1 2 3 |  3.0
Shields        | 4 5 |  5.0
Dodging        | 1 2 |  2.3
Evocations     | 1 2 |  2.3
Armour         | 4 |  4.5

Action                   |  1- 3 |  4- 6 |  7- 9 || total
-------------------------+-------+-------+-------++-------
Melee: War axe           |   107 |   238 |   164 ||   509
       Flail             |       |       |     1 ||     1
Throw: Boomerang         |       |     7 |     3 ||    10
Invok: Bend Time         |       |       |     1 ||     1
 Abil: Dig               |     8 |    12 |     8 ||    28
  Use: Potion            |       |     2 |     1 ||     3
       Scroll            |       |     6 |     2 ||     8
Armor: Scale mail        |    13 |       |       ||    13
       Chain mail        |    51 |    75 |    34 ||   160
Dodge: Dodged            |    23 |    40 |    36 ||    99
Block: Kite shield       |    69 |   189 |   142 ||   400
       Reflection        |       |     6 |     1 ||     7

Table legend: (Time is in decaauts)
 A = Elapsed time spent in this place.
 B = Non-inter-level travel time spent in this place.
 C = Inter-level travel time spent in this place.
 D = Time resting spent in this place.
 E = Time spent auto-exploring this place.
 F = Levels seen in this place.
 G = Mean time per level.
                   A        B        C        D        E       F      G
               +--------+--------+--------+--------+--------+-----+--------+
         Total |   7408 |   7309 |     99 |   1267 |   3300 |   8 |  926.0 |
       Dungeon |   7324 |   7225 |     99 |   1267 |   3300 |   7 | 1046.3 |
        Temple |     83 |     83 |      0 |      0 |      0 |   1 |   83.0 |
               +--------+--------+--------+--------+--------+-----+--------+

Top non-repeatable levels by time:
     D:4: 1546 daAuts
     D:6: 1335 daAuts
     D:3: 1218 daAuts
     D:1: 995 daAuts
     D:2: 933 daAuts
     D:5: 923 daAuts
     D:7: 373 daAuts
  Temple: 83 daAuts
